Map: Backwater LE

Players

SpeCial - Winner!

  • Race: Terran Terran
  • Spawn Location: 5:00

iGXiGua (XiGua)

  • Race: Zerg Zerg
  • Spawn Location: 11:00

Event: WESG 2017 Haikou

VOD

Have the link to the VOD?

Description

Time

  • Played on: March 12, 2018, 10:52 p.m.
  • Length: 9:57

All games in this series

Show
View Real Time Build Order
Export as new Build Order

SpeCial Terran - Winner!

Build Orders: Reaper Expand, Hellion Banshee 

Get SALT Encoding   

  12  0:01  SCV  
  13  0:13  SCV  
  14  0:17  Supply Depot  
  14  0:25  SCV  
  15  0:38  SCV  
  15  0:40  Barracks  
  16  0:44  Refinery  
  16  0:50  SCV  
  17  1:02  SCV  
  18  1:14  SCV  
  19  1:27  Orbital Command  
  19  1:28  Reaper  
  20  1:38  Command Center  
  20  1:52  Supply Depot  
  20  1:53  SCV  
  21  2:00  Marine  
  22  2:04  Factory  
  22  2:08  SCV  
  23  2:15  Refinery  
  23  2:20  SCV  
  23  2:22  Barracks Reactor  
  24  2:32  SCV  
  26  2:44  SCV  
  28  2:53  Orbital Command  
  28  2:54  Starport  
  28  2:56  SCV  
  27  3:05  Hellion  
  29  3:06  Hellion  
  29  3:08  SCV  
  32  3:20  SCV x2  
  32  3:26  Hellion, Supply Depot  
  36  3:27  Hellion  
  36  3:28  Barracks Tech Lab  
  36  3:32  SCV, Viking  
  41  3:36  SCV  
  42  3:47  SCV  
  42  3:48  SCV, Hellion  
  46  3:49  Hellion  
  48  3:59  SCV, Supply Depot  
  48  4:01  SCV  
  50  4:04  Supply Depot  
  50  4:08  Cloaking Field, Medivac  
  51  4:11  SCV  
  51  4:13  Hellion  
  54  4:21  SCV, Hellion  
  54  4:22  Supply Depot  
  54  4:23  SCV  
  58  4:27  Armory  
  58  4:33  SCV  
  58  4:35  SCV, Hellion  
  62  4:43  Banshee  
  62  4:45  SCV, Supply Depot  
  66  4:47  SCV  
  66  4:52  Hellion  
  69  4:56  Hellion  
  69  4:57  SCV  
  69  4:59  SCV  
  73  5:08  Supply Depot  
  73  5:09  SCV  
  73  5:11  SCV  
  73  5:13  Command Center  
  73  5:14  Hellion  
  75  5:16  Supply Depot  
  75  5:21  SCV, Terran Vehicle Weapons Level 1  
  75  5:23  SCV  
  77  5:33  SCV  
  77  5:34  Refinery, Supply Depot  
  77  5:35  Refinery  
  78  5:36  SCV, Banshee  
  82  5:43  Hellion  
  82  5:45  SCV  
  82  5:49  SCV  
  86  5:50  Supply Depot  
  86  5:57  SCV  
  86  6:01  SCV, Factory x2  
  86  6:03  Hellion  
  86  6:10  SCV  
  85  6:13  SCV  
  85  6:16  Hellion  
  86  6:21  Supply Depot x2  
  86  6:22  SCV  
  86  6:25  SCV, Hellion  
  88  6:27  Orbital Command  
  84  6:32  Starport Reactor  
  84  6:34  SCV  
  84  6:37  SCV, Hellion  
  88  6:46  SCV, Hellion  
  91  6:50  SCV  
  87  6:54  Liberator  
  87  6:57  SCV  
  87  6:58  SCV, Hellion  
  87  7:00  Factory Tech Lab  
  91  7:02  SCV  
  91  7:03  Refinery  
  91  7:04  Refinery, Supply Depot  
  91  7:08  Hellion  
  94  7:09  SCV  
  94  7:10  SCV  
  94  7:11  Medivac  
  94  7:15  SCV  
  98  7:18  Thor  
  98  7:20  Hellion  
  98  7:21  Thor  
  98  7:22  SCV  
  113  7:26  SCV  
  113  7:27  SCV  
  113  7:29  Hellion  
  117  7:32  Engineering Bay  
  117  7:41  Hellion, Factory  
  117  7:42  Factory  
  117  7:43  Supply Depot  
  117  7:44  Supply Depot  
  119  7:47  SCV x2, Barracks Reactor  
  119  7:50  Hellion  
  123  7:59  Command Center  
  123  8:01  SCV x2, Siege Tank  
  123  8:03  Hellion  
  123  8:04  Siege Tank  
  133  8:12  Hellion  
  135  8:13  Supply Depot  
  135  8:14  Supply Depot, Missile Turret  
  135  8:24  Hellion, Viking x2  
  135  8:26  Supply Depot  
  141  8:27  Factory Tech Lab  
  141  8:33  Siege Tank, Hellion  
  146  8:35  Infernal Pre-Igniter  
  146  8:37  SCV, Siege Tank  
  150  8:46  Hellion x3  
  150  8:47  Siege Tank  
  159  8:54  Hellion  
  159  8:57  Viking x2  
  154  9:05  Siege Tank, Supply Depot  
  154  9:07  Hellion, Supply Depot  
  154  9:08  Hellion x2  
  161  9:16  Hellion x2  
  163  9:20  Siege Tank  
  160  9:27  Viking x2  
  160  9:31  Hellion x3  
Show
View Real Time Build Order
Export as new Build Order

iGXiGua Zerg 

Build Orders: Hatch First 

Get SALT Encoding   

  12  0:01  Drone  
  13  0:12  Overlord  
  13  0:17  Drone  
  14  0:31  Drone  
  14  0:32  Drone  
  16  0:36  Drone  
  17  0:52  Hatchery  
  17  0:56  Drone  
  17  0:58  Drone  
  18  1:11  Spawning Pool  
  18  1:13  Extractor  
  18  1:15  Drone  
  17  1:18  Drone  
  18  1:27  Drone  
  19  1:38  Overlord  
  19  1:50  Drone  
  20  1:58  Queen  
  20  2:00  Drone  
  23  2:03  Queen  
  23  2:04  Drone  
  26  2:16  Metabolic Boost  
  26  2:17  Drone  
  27  2:29  Hatchery, Drone  
  27  2:32  Extractor  
  27  2:35  Extractor  
  25  2:40  Evolution Chamber  
  25  2:41  Drone x2  
  26  2:47  Queen  
  31  2:52  Overlord  
  31  2:55  Drone x2  
  33  3:00  Overlord  
  33  3:04  Drone x2  
  35  3:06  Drone  
  36  3:16  Drone x4  
  36  3:19  Drone  
  41  3:22  Queen  
  41  3:26  Zergling x2  
  44  3:33  Overlord  
  44  3:40  Drone  
  44  3:42  Zergling x4  
  44  3:43  Queen  
  44  3:47  Drone  
  49  3:50  Drone x2  
  49  3:53  Drone  
  52  3:56  Zergling x4  
  52  3:57  Drone  
  52  3:58  Drone x2  
  52  4:02  Queen  
  57  4:04  Drone  
  57  4:05  Drone  
  57  4:09  Drone  
  62  4:14  Overlord x2  
  62  4:19  Overlord  
  62  4:23  Evolution Chamber  
  61  4:26  Baneling Nest, Lair  
  61  4:28  Overlord  
  61  4:30  Zergling x2  
  57  4:32  Overlord  
  57  4:35  Zergling x6  
  60  4:46  Zergling x12  
  66  4:54  Zerg Melee Weapons Level 1  
  66  4:59  Drone x5  
  71  5:01  Drone, Extractor  
  71  5:03  Drone  
  72  5:08  Drone  
  72  5:12  Drone  
  72  5:13  Drone  
  72  5:14  Drone x2  
  77  5:15  Hatchery, Drone  
  77  5:18  Drone  
  78  5:25  Evolution Chamber  
  78  5:26  Extractor  
  78  5:27  Baneling x2  
  78  5:28  Drone x2, Baneling x2  
  76  5:29  Drone x4  
  76  5:32  Baneling  
  76  5:34  Zergling x6  
  82  5:39  Drone  
  80  5:47  Zergling x4  
  80  5:49  Overlord  
  80  5:50  Overlord  
  80  5:51  Drone  
  75  5:59  Drone x6  
  75  6:03  Overseer x2  
  77  6:04  Spore Crawler  
  77  6:08  Zergling x4  
  68  6:12  Drone  
  68  6:16  Drone  
  61  6:18  Drone  
  61  6:23  Zergling x12  
  64  6:36  Spore Crawler  
  58  6:47  Drone x10  
  58  6:51  Drone  
  58  6:52  Drone  
  69  6:57  Drone  
  69  6:59  Drone, Spore Crawler  
  69  7:00  Drone  
  69  7:06  Drone x2  
  72  7:09  Drone  
  72  7:11  Drone  
  72  7:13  Drone x2  
  72  7:14  Infestation Pit  
  72  7:15  Extractor  
  72  7:16  Extractor  
  72  7:17  Drone  
  72  7:21  Drone x4  
  77  7:25  Drone  
  77  7:26  Drone x2  
  77  7:27  Drone  
  77  7:28  Drone  
  77  7:29  Drone  
  83  7:32  Zergling x6  
  83  7:33  Baneling  
  83  7:34  Hatchery  
  85  7:41  Zerg Ground Armor Level 1, Drone x3, Extractor  
  85  7:43  Drone  
  88  7:55  Drone  
  88  7:58  Extractor, Zergling x2  
  87  7:59  Zergling x18  
  97  8:06  Hive  
  97  8:18  Spire  
  96  8:21  Zergling x16  
  96  8:22  Overlord x3  
  104  8:34  Baneling x3  
  104  8:36  Baneling x5  
  104  8:41  Zergling x2  
  104  8:42  Zergling x26  
  101  8:58  Zergling x30  
  101  9:02  Baneling x2  
  109  9:04  Zergling x6  
  109  9:08  Baneling x3  
  70  9:24  Zergling x2  
  70  9:25  Zergling x20  
  76  9:32  Drone x5  
  80  9:40  Zergling x8  
Tags
 
Add a new tag
Caveats
  • Supply blocks, unpowered buildings, or Contaminate may cause inaccurate times.
  • Supply counts are checked every 10 seconds.